Unix NetHack Version 5.0.0-0 post-release - last build Jun 10 2026 00:39:30 (3ee93aec679c4c4259841fe613dc97188e26a321,branch:main).

Game began 2026-06-10 05:40:29, ended 2026-06-10 06:09:21.

Brudee, chaotic female human Rogue

                      ----
  --.---              |..--
  |.[..|             --...|
  |....--           #|....|
  |..|..--         #-#....|0
  |.---..---...|   |...#..#
 --.| --...^...-----.------
 |..|  --.......|....|
--.--   |.........----
|..|    |........--
|..|    |........|      ..%
----     --.....<--.--  G@..
          |.)........-----o.
          |............)o...
                 ....--.o.-

Brudee the Cutpurse     St:16 Dx:18 Co:13 In:11 Wi:11 Ch:8  Chaotic S:1626
Dlvl:5  $:146 HP:0(40) Pw:25(25) AC:6  Xp:5/305 T:3716 

Latest messages:
 You detect an odor reminiscent of an animal's den.
 You hear a distant zap.
 You hear a clank.
 The giant ant turns to flee.
 The giant ant turns to flee.
 The giant ant turns to flee.
 The giant ant turns to flee.
 You hear some noises.
 The rock mole eats 5 daggers!
 The rock mole turns to flee.
 It misses the rock mole.
 It misses the rock mole.
 It bites the rock mole.
 The rock mole misses it.
 It misses the rock mole.
 It misses the rock mole.
 The rock mole turns to flee.
 The giant ant turns to flee.
 It misses the rock mole.
 It bites the rock mole.
 The rock mole bites it.
 It misses the rock mole.
 It misses the rock mole.
 It misses the rock mole.
 It misses the rock mole.
 It misses the rock mole.
 It bites the rock mole.
 The rock mole is killed!
 Some text has been burned into the floor here.
 You read: "Elbereth".
 You hear some noises.
 An Uruk-hai suddenly appears!
 An Uruk-hai suddenly appears!
 An Uruk-hai suddenly appears!
 Sting flickers light blue!
 You are hit by a poisoned crude arrow!
 You stop waiting.
 You are hit by a poisoned crude arrow!
 Shaggy bites it.
 It misses Shaggy.
 Shaggy bites it.
 The gnome hits!
 It bites the gnome.
 The gnome is killed!
 You hit the gnome!
 The Uruk-hai picks up 2 poisoned crude arrows.
 The gnome hits!
 You die...
 Do you want your possessions identified? [ynq] (y) y
 Do you want to see your attributes? [ynq] (y) q

Inventory:
 Coins    ('$')
  $ - 146 gold pieces
 Weapons  (')')
  u - 8 cursed +0 darts
  b - a +0 dagger (alternate weapon; not wielded)
  r - 7 +0 daggers (at the ready)
  W - a cursed -1 dagger
  y - the fireproof +0 Sting (weapon in right hand, flickering light blue)
 Armor    ('[')
  C - an uncursed +0 pair of leather gloves (being worn)
  c - an uncursed +1 leather armor (being worn)
 Comestibles  ('%')
  K - an uncursed lichen corpse
 Scrolls  ('?')
  J - an uncursed scroll of light
 Wands    ('/')
  l - a wand of lightning (0:5)
 Tools    ('(')
  i - an uncursed bag of holding containing 18 items
  f - an empty uncursed sack
  g - an uncursed blindfold
  e - an uncursed lock pick
  O - an uncursed tin whistle
 Gems/Stones  ('*')
  Z - an uncursed amber stone

Contents of the bag of holding:
  35 +0 darts
  14 cursed -1 darts
  a +0 short sword
  2 uncursed food rations
  4 uncursed scrolls of blank paper
  a cursed scroll of destroy armor
  an uncursed scroll of magic mapping
  an uncursed potion of enlightenment
  a cursed potion of gain ability
  an uncursed potion of gain energy
  an uncursed potion of hallucination
  an uncursed potion of polymorph
  an uncursed potion of restore ability
  an uncursed potion of sickness
  an uncursed worthless piece of blue glass
  an uncursed worthless piece of green glass
  4 uncursed worthless pieces of orange glass
  an uncursed worthless piece of violet glass

Brudee the Rogue's attributes:

Background:
 You were a Cutpurse, a level 5 female human Rogue.
 You were chaotic, on a mission for Kos
 who was opposed by Issek (lawful) and Mog (neutral).
 You were right-handed.
 You were in the Gnomish Mines, on level 5.
 You entered the dungeon 3716 turns ago.
 You had 305 experience points, 15 more were needed to attain level 6.
 Your score was 1626 before end-of-game adjustments.

Basics:
 You had 0 out of 40 hit points.
 You had all 25 energy points (spell power).
 Your armor class was 6.
 Your wallet contained 146 zorkmids.
 Autopickup was on for '$!=+?/"' plus thrown.

Final Characteristics:
 Your strength was 16 (limit:18/100).
 Your dexterity was 18 (limit:18).
 Your constitution was 13 (limit:18).
 Your intelligence was 11 (limit:18).
 Your wisdom was 11 (limit:18).
 Your charisma was 8 (limit:18).

Final Status:
 You weren't hungry.
 You were unencumbered.
 You were wielding a dagger.
 You had basic skill with dagger and could have enhanced that.

Final Attributes:
 You were piously aligned.
 You were fire resistant.
 You were aware of the presence of orcs.
 You were stealthy.
 You were warded.
 You are dead.

Miscellaneous:
 You didn't encounter any bones levels.
 Total elapsed playing time was 28 minutes and 51 seconds.

Major events:
 Turn
    1: Brudee the chaotic female human Rogue entered the dungeon
  815: attained the rank of Cutpurse (level 3)
  952: chose an elven dagger to be named "Sting"
 3259: entered the Gnomish Mines
 3716: killed by a gnome

You didn't know any spells.

Skills:
 Fighting Skills
   bare handed combat [Unskilled]
   two weapon combat  [Unskilled]
   riding             [Unskilled]
 Weapon Skills
   dagger             [Basic]
   knife              [Unskilled]
   short sword        [Basic]
   broadsword         [Unskilled]
   long sword         [Unskilled]
   two-handed sword   [Unskilled]
   saber              [Unskilled]
   club               [Unskilled]
   mace               [Unskilled]
   morning star       [Unskilled]
   flail              [Unskilled]
   hammer             [Unskilled]
   polearms           [Unskilled]
   spear              [Unskilled]
   crossbow           [Unskilled]
   dart               [Unskilled]
   shuriken           [Unskilled]
 Spellcasting Skills
   divination spells  [Unskilled]
   escape spells      [Unskilled]
   matter spells      [Unskilled]

Voluntary challenges:
 Character rerolling was not enabled.
 You never genocided any monsters.
 You never polymorphed an object.
 You never changed form.
 You used no wishes.
Achievements:
 You attained the rank of Cutpurse.
 You entered the Gnomish Mines.

 The Dungeons of Doom: levels 1 to 6
    Level 1:
    Level 2:
       A fountain.
    Level 3: "+++FIRE RESISTANCE"
       A fountain.
    Level 4:
       Stairs down to The Gnomish Mines.
    Level 5:
    Level 6:
 The Gnomish Mines:
    Level 5: <- You were here.
       Final resting place for
          you, killed by a gnome.


Vanquished creatures:
  a housecat
  a rock mole
  a shrieker
  2 gnome leaders
  a paper golem
  7 giant ants
  a little dog
  2 dwarves
  a homunculus
  2 rothes
  a centipede
  2 giant bats
  a wererat
  a werejackal
  3 iguanas
 an acid blob
  a gas spore
  2 hobbits
  a large kobold
  5 cave spiders
  2 yellow molds
  a green mold
  a red mold
  8 gnomes
  3 garter snakes
  a gnome zombie
  a gecko
  8 jackals
  2 foxes
  4 kobolds
  a goblin
  4 sewer rats
  3 grid bugs
  a bat
  4 lichens
  a kobold zombie
  4 newts
86 creatures vanquished.

No species were genocided or became extinct.

Game over:
                       ----------
                      /          \
                     /    REST    \
                    /      IN      \
                   /     PEACE      \
                  /                  \
                  |      Brudee      |
                  |      146 Au      |
                  |   killed by a    |
                  |      gnome       |
                  |                  |
                  |                  |
                  |       2026       |
                 *|     *  *  *      | *
        _________)/\\_//(\/(/\)/\//\/|_)_______

Goodbye Brudee the Rogue...

You died in The Gnomish Mines on dungeon level 5 with 1612 points,
and 146 pieces of gold, after 3716 moves.
You were level 5 with a maximum of 40 hit points when you died.

